 Dungeon Crawl Stone Soup version 0.23.2-1-ga50397a (webtiles) character file.

Game seed: 1811141594540249885

80495 Gazerockf the Warrior (level 15, -1/146 HPs)
             Began as a Hill Orc Fighter on May 25, 2019.
             Was the Champion of Beogh.
             Killed by the raging water
             ... invoked by a water nymph
              (17 damage)
             ... on level 3 of the Shoals on May 28, 2019.
             The game lasted 01:54:02 (23103 turns).

Gazerockf the Warrior (Hill Orc Fighter)           Turns: 23103, Time: 01:54:03

Health: -1/146     AC: 20    Str: 21    XL:     15   Next: 67%
Magic:  14/15      EV: 16    Int:  6    God:    Beogh [******]
Gold:   1540       SH: 23    Dex: 23    Spells: 14/14 levels left

rFire    + . .     SeeInvis .   h - +9 spear of Hiff {freeze, +Fly rElec rN+++ Stlth-}
rCold    . . .     Gourm    .   c - +4 shield
rNeg     + + +     Faith    .   g - +2 leather armour of Youthful Indiscretion {*Contam rCorr Int+3 Slay+6}
rPois    .         Spirit   .   j - +2 hat
rElec    +         Reflect  .   z - +2 cloak
rCorr    +         Harm     .   N - +0 pair of gloves of the Thinker {+Blink rF+ Int-5}
MR       +....                  l - +2 pair of boots
Stlth    +.........             o - amulet of magic regeneration
HPRegen  0.34/turn              Y - ring of resist corrosion
MPRegen  0.39/turn              p - +3 ring of dexterity

@: agile, barbed spikes, slowed, glowing, very slow
A: walk on water, hooves 1, iridescent scales 1, large bone plates 1
a: Smiting, Recall Orcish Followers, Give Item to Named Follower, Resurrection,
Renounce Religion, Evoke Blink, Evoke Flight


You were on level 3 of the Shoals.
You worshipped Beogh.
Beogh was exalted by your worship.
You were not hungry.

You visited 4 branches of the dungeon, and saw 19 of its levels.
You also visited: Ossuary and Ice Cave.

You collected 1596 gold pieces.
You spent 56 gold pieces at shops.

Inventory:

Hand Weapons
 a - a +4 broad axe of draining
 h - the +9 spear of Hiff (weapon) {freeze, +Fly rElec rN+++ Stlth-}
   (You found it on level 4 of the Dungeon)

   It has been specially enchanted to freeze those struck by it, causing extra
   injury to most foes and up to half again as much damage against particularly
   susceptible opponents.
   It can also slow down cold-blooded creatures.
   It insulates you from electricity.
   It renders you almost immune to negative energy.
   It lets you fly.
   It makes you less stealthy.
 v - the +5 spear "Hiefeb" {pain, Int+4}
   (You found it on level 4 of the Dungeon)

   In the hands of one skilled in necromantic magic, it inflicts extra damage on
   living creatures.
   It affects your intelligence (+4).
 V - a +4 antimagic demon trident
Armour
 c - a +4 shield (worn)
 g - the +2 leather armour of Youthful Indiscretion (worn) {*Contam rCorr Int+3 Slay+6}
   (You found it on level 3 of the Lair of Beasts)

   It affects your intelligence (+3).
   It affects your accuracy and damage with ranged weapons and melee attacks
   (+6).
   It causes magical contamination when unequipped.
   It provides partial protection from all sources of acid and corrosion.
 j - a +2 hat (worn)
 l - a +2 pair of boots (worn)
 z - a +2 cloak (worn)
 N - the +0 pair of gloves of the Thinker (worn) {+Blink rF+ Int-5}
   (You found it on level 4 of the Lair of Beasts)

   It affects your intelligence (-5).
   It protects you from fire.
   It lets you blink.
 Q - the cursed +0 leather armour of the Ninety-Nine Gods {+Fly rPois rF+++ Int-5}
   (You found it on level 5 of the Lair of Beasts)

   It affects your intelligence (-5).
   It renders you almost immune to fire.
   It protects you from poison.
   It lets you fly.
   It has a curse placed upon it.
Magical Staves
 F - an uncursed staff of wizardry {unknown}
Jewellery
 o - an amulet of magic regeneration (around neck)
 p - a +3 ring of dexterity (right hand)
 K - an uncursed ring of protection from cold
 M - a cursed +2 ring of intelligence
 S - an uncursed ring of ice
 T - a cursed ring of flight
 Y - a ring of resist corrosion (left hand)
Wands
 q - a wand of iceblast (19)
 t - a wand of polymorph (18)
 y - a wand of flame (40)
 G - a wand of digging (4)
 I - a wand of acid (29)
 J - a wand of enslavement (10)
 L - a wand of paralysis (11)
Scrolls
 b - a scroll of teleportation
 e - 3 scrolls of magic mapping
 k - 5 scrolls of remove curse
 n - 2 scrolls of immolation
 w - 2 scrolls of amnesia
 H - a scroll of fog
 P - a scroll of brand weapon
 U - a scroll of holy word
Potions
 d - 2 potions of cancellation
 m - 5 potions of invisibility
 u - 2 potions of heal wounds {unknown}
 x - 3 potions of lignification
 B - 5 potions of curing
 C - 2 potions of flight
 D - a potion of ambrosia
 E - a potion of mutation
 W - a potion of might
 Z - a potion of agility
Miscellaneous
 r - a fan of gales
 s - a lightning rod (4/4)
 R - a phial of floods
 X - a phantom mirror
Comestibles
 f - 39 rations
 i - 2 chunks of flesh


   Skills:
 * Level 16.9 Fighting
 - Level 6.8(11.4) Axes
 - Level 12.0(12.5) Polearms
 - Level 15.0 Armour
 - Level 15.4 Shields


You had 14 spell levels left.
You didn't know any spells.
Your spell library contained the following spells:

 Spells                   Type           Power        Failure   Level  Hunger
 Beastly Appendage        Tmut           #.....       50%         1    ##.....
 Freeze                   Ice            #...         50%         1    ##.....
 Magic Dart               Conj           #...         50%         1    ##.....
 Corpse Rot               Necr           N/A          63%         2    ###....
 Searing Ray              Conj           #.....       63%         2    ###....
 Sticks to Snakes         Tmut           #.......     63%         2    ###....
 Throw Frost              Conj/Ice       #.....       63%         2    ###....
 Dazzling Spray           Conj/Hex       #.....       86%         3    ####...
 Ozocubu's Armour         Chrm/Ice       #.......     86%         3    ####...
 Spider Form              Tmut/Pois      #.........   86%         3    ####...
 Stone Arrow              Conj/Erth      #.....       86%         3    ####...
 Force Lance              Conj/Tloc      #.......     99%         4    #####..
 Fulminant Prism          Conj/Hex       #.........   99%         4    #####..
 Ice Form                 Ice/Tmut       #.......     99%         4    #####..
 Iskenderun's Mystic Bla  Conj           #.......     99%         4    #####..
 Leda's Liquefaction      Hex/Erth       #.........   99%         4    #####..
 Summon Ice Beast         Ice/Summ       #.......     99%         4    #####..
 Throw Icicle             Conj/Ice       #.......     99%         4    #####..
 Blade Hands              Tmut           #.........   100%        5    ######.
 Metabolic Englaciation   Hex/Ice        #.........   100%        5    ######.
 Summon Forest            Summ/Tloc      #.........   100%        5    ######.
 Bolt of Cold             Conj/Ice       #.........   100%        6    #######
 Freezing Cloud           Conj/Ice/Air   #.........   100%        6    #######
 Hydra Form               Tmut           #.........   100%        6    #######
 Ozocubu's Refrigeration  Ice            #.........   100%        6    #######
 Simulacrum               Ice/Necr       #.........   100%        6    #######
 Summon Hydra             Summ           #.........   100%        7    #######


Dungeon Overview and Level Annotations

Branches:
Dungeon (9/15)             Temple (1/1) D:7            Lair (6/6) D:9
 Shoals (3/4) Lair:2        Snake (0/4) Lair:4        Slime (0/5) Lair:6
    Orc: D:9-12

Altars:
Ashenzari
Cheibriados
Dithmenos
Elyvilon
Fedhas
Gozag
Hepliaklqana
Kikubaaqudgha
Makhleb
Nemelex Xobeh
Okawaru
Qazlal
Ru
Sif Muna
Trog
Uskayaw
Vehumet
Wu Jian
Xom
Yredelemnul
Zin
The Shining One
Jiyva

Shops:
D:5 !   D:8 }

Annotations:
Lair:6 1 runed translucent door


Innate Abilities, Weirdness & Mutations

You can walk on water.
You have large cloven feet.
You are partially covered in iridescent scales. (AC +2)
You are partially covered in large bone plates. (SH +4)


Message History

The water nymph casts a spell at you. The water swirls and strikes you!
* * * LOW HITPOINT WARNING * * *
Your chaos spawn hits the faun!
Things that are here:
a +0 club; a +0 hunting sling; 18 stones You feel better.
Your orc knight hits the faun from afar with a +0 trident!!
The faun dies!
Beogh accepts your kill.
Beogh blesses Urtork with superior armament.
The manticore flicks its tail.
The volley of spikes hits you.
The barbed spikes become lodged in your body.
* * * LOW HITPOINT WARNING * * *
Okay, then.
You blink.
You feel slightly more hungry.
The water nymph gestures at you while chanting.
The water swirls and strikes you!
You die...

P≈≈.≈≈P≈≈≈...... .$.≈≈≈≈
P≈P..≈PP≈....... ....≈≈≈
≈≈..PP≈≈≈......# .......
.≈≈PP≈PPP≈.....##.......
..≈≈≈≈≈P.PP.....#.......
..≈≈≈≈≈P##P.....<.....≈≈
.≈≈≈≈≈≈≈.#)P≈..(......≈≈
.≈≈≈≈≈≈≈≈.(≈≈≈≈.....≈..≈
.≈≈≈≈≈≈≈≈PP≈((@.....≈≈≈≈
≈≈≈≈≈≈≈≈(≈(((≈m≈...≈≈≈≈≈
≈≈≈≈≈≈≈≈≈†≈≈≈≈4##..≈≈≈..
≈≈≈≈≈≈≈≈≈≈≈≈≈o≈.#.≈≈≈...
≈≈≈≈≈≈≈≈≈≈≈≈≈≈≈≈)≈≈≈≈$##
≈≈≈≈≈≈≈≈≈≈≈≈((o≈.≈≈≈≈..
≈≈≈≈≈≈≈≈≈≈≈≈≈≈≈oo≈≈≈≈≈
≈≈≈≈≈≈≈))≈≈≈≈)o≈≈≈≈≈≈≈
≈≈.≈≈≈≈≈≈≈≈(≈≈≈≈≈≈≈≈≈≈


You could see a water nymph, a friendly orc knight, the friendly Urtork the orc
knight, a friendly chaos spawn, a friendly orc sorcerer, a friendly orc warrior
and a friendly orc priest.

Vanquished Creatures
  A kraken (Shoals:1)
  A frost giant (IceCv)
  A dire elephant (Lair:4)
  7 hydras
  An ice dragon (Lair:5)
  A catoblepas (Lair:6)
  Urug (Lair:1)
  A death yak (IceCv)
  A sea snake (Shoals:2)
  7 harpies
  Pikel (D:5)
  A wolf spider (Lair:6)
  5 fauns
  6 oklob plants
  21 elephants
  A guardian serpent (Lair:6)
  Joseph (Lair:1)
  A water nymph (Shoals:2)
  4 merfolk sirens
  13 spiny frogs
  An ice statue (IceCv)
  9 black mambas (Lair:6)
  3 rime drakes
  6 komodo dragons
  4 merfolk
  A wind drake (Shoals:1)
  15 polar bears
  3 hornets
  35 blink frogs
  6 dream sheep (Lair:6)
  7 hippogriffs
  A snapping turtle (Shoals:1)
  3 raiju (Lair:6)
  2 redbacks (Lair:6)
  A spriggan (Lair:4)
  Sigmund (D:5)
  50 yaks
  A water elemental (Shoals:1)
  A human (D:7)
  3 basilisks
  2 hogs (D:7)
  19 wyverns
  Menkaure (D:6)
  6 wargs (Lair:6)
  26 water moccasins
  12 hell hounds (Lair:6)
  10 porcupines
  A sky beast (D:5)
  10 black bears
  12 ice beasts
  5 ogres
  23 wolves
  A centaur (D:5)
  2 phantoms
  22 crocodiles
  A big kobold (D:8)
  11 bullfrogs
  An elf zombie (Ossuary)
  Blork the orc (D:5)
  A wyvern zombie (D:9)
  2 scorpions (D:9)
  4 killer bees (D:9)
  2 howler monkeys (D:9)
  2 electric eels
  4 crimson imps
  3 centaur zombies
  4 jellies
  5 hounds
  A bullfrog skeleton (D:8)
  An orc priest (D:7)
  A gnoll shaman (D:7)
  2 orc wizards
  9 iguanas
  5 worker ants
  Natasha (twice) (D:2)
  A killer bee zombie (D:8)
  2 big kobold zombies (Ossuary)
  A hound zombie (D:7)
  2 hound skeletons
  2 mummies (Ossuary)
  8 adders
  5 gnolls (D:7)
  A shadow imp (D:7)
  3 white imps (Lair:5)
  An ooze (D:7)
  An adder zombie (Ossuary)
  An adder skeleton (D:4)
  6 worms
  A dart slug (D:1)
  14 leopard geckos
  25 orcs
  A ball python (D:6)
  9 bats
  4 giant cockroaches
  5 goblins
  8 hobgoblins
  7 jackals
  2 quokkas
  13 frilled lizards
  A giant cockroach zombie (D:5)
  2 goblin zombies (Ossuary)
  7 hobgoblin zombies (Ossuary)
  3 jackal zombies (Ossuary)
  6 kobolds
  10 kobold zombies (Ossuary)
  2 leopard gecko skeletons (D:8)
  A leopard gecko zombie (D:8)
  9 orc zombies (Ossuary)
  A quokka skeleton (D:4)
  8 rats
  3 plants (Shoals:2)
  4 tentacles (Shoals:1)
623 creatures vanquished.

Vanquished Creatures (collateral kills)
  An alligator snapping turtle (Shoals:3)
  4 fauns
  A black mamba (Lair:6)
  A merfolk siren (Shoals:2)
  2 wind drakes
  A polar bear (Lair:6)
  2 merfolk
  A dream sheep (Lair:6)
  2 black bears (Lair:6)
  4 plants
19 creatures vanquished.

Vanquished Creatures (others)
  2 death yaks (IceCv)
  8 polar bears (IceCv)
  7 yaks (IceCv)
  2 orc priests
  4 orc warriors
  7 wolves (IceCv)
  4 orc wizards (Lair:6)
  6 orcs
  A frilled lizard (Lair:1)
  34 fungi
  49 plants
  2 tentacles (Shoals:1)
126 creatures vanquished.

Grand Total: 768 creatures vanquished

Notes
Turn   | Place    | Note
-------+----------+-------------------------------------------
     0 | D:1      | Gazerockf the Hill Orc Fighter began the quest for the Orb.
     0 | D:1      | Reached XP level 1. HP: 19/19 MP: 1/1
    81 | D:1      | Found a shattered altar of Ashenzari.
   141 | D:1      | Reached XP level 2. HP: 13/26 MP: 2/2
   740 | D:2      | Reached XP level 3. HP: 31/31 MP: 3/3
   852 | D:2      | Noticed Natasha
   863 | D:2      | Killed Natasha
   863 | D:2      | Reached XP level 4. HP: 21/39 MP: 4/4
   914 | D:2      | Noticed Natasha
   922 | D:2      | Killed Natasha
   922 | D:2      | Reached skill level 5 in Axes
  1607 | D:3      | Reached XP level 5. HP: 43/45 MP: 5/5
  2176 | D:4      | Got a slimy spear
  2178 | D:4      | Identified the +9 spear of Hiff {freeze, +Fly rElec rN+++
                  | Stlth-} (You found it on level 4 of the Dungeon)
  2256 | D:4      | Reached skill level 4 in Fighting
  2343 | D:4      | Got a pitted spear
  2344 | D:4      | Identified the +5 spear "Hiefeb" {pain, Int+4} (You found
                  | it on level 4 of the Dungeon)
  2488 | D:4      | Reached XP level 6. HP: 55/55 MP: 6/6
  2758 | D:5      | Entered Level 5 of the Dungeon
  2761 | D:5      | Reached skill level 5 in Fighting
  2784 | D:5      | Reached skill level 6 in Fighting
  2808 | D:5      | Noticed Pikel
  2813 | D:5      | Noticed a slave
  2814 | D:5      | Noticed a slave
  2815 | D:5      | Noticed a slave
  2817 | D:5      | Noticed a slave
  2819 | D:5      | Killed Pikel
  2819 | D:5      | Reached skill level 9 in Fighting
  2819 | D:5      | Reached XP level 7. HP: 34/70 MP: 7/7
  2819 | D:5      | Reached XP level 8. HP: 38/78 MP: 8/8
  2937 | D:5      | Reached skill level 10 in Fighting
  2950 | D:5      | Found Ruipy's Distillery.
  2965 | D:5      | Bought a potion of might for 56 gold pieces
  3154 | D:5      | Reached skill level 5 in Shields
  3176 | D:5      | Noticed Blork the orc
  3185 | D:5      | Killed Blork the orc
  3228 | D:5      | Noticed Sigmund
  3234 | D:5      | Killed Sigmund
  3241 | D:5      | Found a sand-covered staircase.
  3245 | Ossuary  | Entered an ossuary
  3415 | Ossuary  | Reached XP level 9. HP: 81/85 MP: 9/9
  3843 | D:5      | Found a bloodstained altar of Trog.
  3843 | D:5      | Found an iron altar of Okawaru.
  3848 | D:5      | Found a radiant altar of Vehumet.
  4111 | D:6      | Found a glowing golden altar of the Shining One.
  4111 | D:6      | Found a snail-covered altar of Cheibriados.
  4111 | D:6      | Found an opulent altar of Gozag.
  4112 | D:6      | Noticed Menkaure
  4123 | D:6      | Killed Menkaure
  4505 | D:7      | Found a staircase to the Ecumenical Temple.
  4544 | Temple   | Entered the Ecumenical Temple
  4868 | D:7      | Became a worshipper of Beogh the Brigand
  4880 | D:7      | Reached skill level 10 in Shields
  5293 | D:7      | Reached XP level 10. HP: 93/93 MP: 10/10
  5772 | D:8      | Reached * piety under Beogh
  5791 | D:8      | Found an ancient bone altar of Kikubaaqudgha.
  5910 | D:8      | Found Micvin's Gadget Shoppe.
  6201 | D:8      | Found a stormy altar of Qazlal.
  7034 | D:9      | Found a staircase to the Lair.
  7179 | D:9      | Reached XP level 11. HP: 45/99 MP: 11/11
  7190 | D:9      | Reached ** piety under Beogh
  7917 | Lair:1   | Entered Level 1 of the Lair of Beasts
  8102 | Lair:1   | Reached skill level 15 in Shields
  8216 | Lair:1   | Noticed Urug
  8319 | Lair:1   | Reached *** piety under Beogh
  8376 | Lair:1   | Found a frozen archway.
  8385 | IceCv    | Entered an ice cave
  8533 | IceCv    | Reached skill level 1 in Polearms
  9771 | IceCv    | HP: 4/99 [ice statue/shard of ice (13)]
 10253 | IceCv    | Killed a death yak
 10686 | IceCv    | Noticed a death yak
 10700 | IceCv    | Killed a death yak
 10700 | IceCv    | Reached skill level 5 in Polearms
 11662 | IceCv    | Noticed a death yak
 11662 | IceCv    | Noticed a frost giant
 11698 | IceCv    | Killed a death yak
 12029 | IceCv    | Gained mutation: You are partially covered in large bone
                  | plates. (SH +4) [potion of mutation]
 12029 | IceCv    | Gained mutation: You have large cloven feet. [potion of
                  | mutation]
 12029 | IceCv    | Gained mutation: You are partially covered in iridescent
                  | scales. (AC +2) [potion of mutation]
 12263 | IceCv    | Killed a frost giant
 12263 | IceCv    | Reached XP level 12. HP: 25/106 MP: 12/12
 13039 | Lair:1   | Noticed Joseph
 13103 | Lair:1   | Killed Joseph
 13123 | Lair:1   | Reached skill level 10 in Polearms
 13923 | Lair:1   | Killed Urug
 14440 | Lair:2   | Noticed an eight-headed hydra
 14452 | Lair:2   | Killed an eight-headed hydra
 14495 | Lair:2   | Noticed a six-headed hydra
 14505 | Lair:2   | Killed a six-headed hydra
 14768 | Lair:2   | Reached skill level 5 in Armour
 14802 | Lair:2   | Found a staircase to the Shoals.
 15246 | Lair:3   | Found an ornate altar of the Wu Jian Council.
 15512 | Lair:3   | Reached XP level 13. HP: 92/113 MP: 13/13
 15666 | Lair:3   | Reached **** piety under Beogh
 16116 | Lair:3   | Got a jewelled leather armour
 16134 | Lair:3   | Identified the +2 leather armour of Youthful Indiscretion
                  | {*Contam rCorr Int+3 Slay+6} (You found it on level 3 of
                  | the Lair of Beasts)
 16773 | Lair:4   | Got a pair of spiked gloves
 16794 | Lair:4   | Reached skill level 10 in Armour
 16828 | Lair:4   | Identified the cursed +0 pair of gloves of the Thinker
                  | {+Blink rF+ Int-5} (You found it on level 4 of the Lair of
                  | Beasts)
 16857 | Lair:4   | Found a staircase to the Snake Pit.
 17057 | Lair:4   | Noticed a dire elephant
 17100 | Lair:4   | Killed a dire elephant
 17979 | Lair:5   | Reached ***** piety under Beogh
 18095 | Lair:5   | Got a slimy leather armour
 18353 | Lair:5   | Reached XP level 14. HP: 121/121 MP: 14/14
 18935 | Lair:6   | Entered Level 6 of the Lair of Beasts
 19345 | Lair:6   | Reached skill level 15 in Armour
 19353 | Lair:6   | Identified the cursed +0 leather armour of the Ninety-Nine
                  | Gods {+Fly rPois rF+++ Int-5} (You found it on level 5 of
                  | the Lair of Beasts)
 19508 | Lair:6   | Reached skill level 11 in Fighting
 19935 | Lair:6   | Reached ****** piety under Beogh
 19935 | Lair:6   | Reached skill level 12 in Fighting
 20385 | Lair:6   | Reached skill level 13 in Fighting
 20460 | Lair:6   | Identified a scroll of acquirement
 20570 | Lair:6   | Reached XP level 15. HP: 136/137 MP: 13/15
 20577 | Lair:6   | Reached skill level 14 in Fighting
 21099 | Lair:6   | Reached skill level 15 in Fighting
 21223 | Lair:6   | Found a runed translucent door.
 21224 | Lair:6   | Found a viscous altar of Jiyva.
 21224 | Lair:6   | Noticed an azure jelly
 21226 | Lair:6   | Noticed an azure jelly
 21227 | Lair:6   | Found a staircase to the Slime Pits.
 21612 | Shoals:1 | Entered Level 1 of the Shoals
 21820 | Shoals:1 | Noticed a kraken
 21840 | Shoals:1 | Killed a kraken
 22423 | Shoals:2 | Reached skill level 16 in Fighting
 23102 | Shoals:3 | Gained Urtork as an ally
 23103 | Shoals:3 | Killed from afar by a water nymph

Skill      XL: |  1  2  3  4  5  6  7  8  9 10 11 12 13 14 15 |
---------------+----------------------------------------------+-----
Shields        | 4 7 11 14 15 | 15.4
Axes           | 3 4 6 |  6.8
Fighting       | 4 9 10 13 16 | 16.9
Polearms       | 9 12 | 12.0
Armour         | 7 13 15 | 15.0

Action                   |  1- 3 |  4- 6 |  7- 9 | 10-12 | 13-15 || total
-------------------------+-------+-------+-------+-------+-------++-------
Melee: War axe           |   131 |    89 |       |       |       ||   220
       Spear             |       |    54 |   318 |   998 |  1294 ||  2664
Invok: Convert to Beogh  |       |       |     1 |       |       ||     1
       Smiting           |       |       |       |     2 |       ||     2
       Recall Orcish Fol |       |       |       |       |    11 ||    11
       Resurrection      |       |       |       |       |     1 ||     1
 Abil: Evoke Flight      |       |       |       |     2 |       ||     2
       Evoke Blink       |       |       |       |       |     2 ||     2
Evoke: Wand              |       |       |       |       |     1 ||     1
  Use: Scroll            |       |    11 |     3 |    14 |    18 ||    46
       Potion            |       |     1 |     1 |    12 |     9 ||    23
 Stab: Distracted        |       |       |       |     2 |     4 ||     6
       Paralysed         |       |       |       |       |     4 ||     4
       Petrifying        |       |       |       |       |     2 ||     2
  Eat: Chunk             |       |     6 |     9 |    10 |    21 ||    46
       Ration            |       |       |       |     7 |     1 ||     8
Armor: Scale mail        |    66 |    60 |    72 |   182 |       ||   380
       Skin              |       |       |       |     2 |    25 ||    27
       Chain mail        |       |       |       |    22 |       ||    22
       Ring mail         |       |       |       |     7 |     2 ||     9
       Leather armour    |       |       |       |       |   217 ||   217
Dodge: Dodged            |    49 |    42 |    62 |   172 |   168 ||   493
Block: Shield            |    87 |    83 |   139 |   535 |   742 ||  1586
